 Dungeon Crawl Stone Soup version 0.28.0 (webtiles) character file.

Game seed: 17788421437062985046

4489 fragbeetle the Cleaver (level 10, -40/77 HPs)
             Began as a Minotaur Monk on Feb 18, 2022.
             Was an Elder of Nemelex Xobeh.
             Blown up by an orb spider (shapeshifter) (68 damage)
             ... with an orb of destruction
             ... on level 9 of the Dungeon.
             The game lasted 00:19:16 (12022 turns).

fragbeetle the Cleaver (Minotaur Monk)             Turns: 12022, Time: 00:19:17

Health: -40/77     AC:  4    Str: 26    XL:     10   Next: 16%
Magic:  16/16      EV: 12    Int:  7    God:    Nemelex Xobeh [****..]
Gold:   388        SH:  0    Dex: 13    Spells: 9/9 levels left

rFire   . . .      SeeInvis +   J - +3 mace (freeze)
rCold   . . .      Faith    .   (no shield)
rNeg    . . .      Spirit   .   e - +0 troll leather armour
rPois   .          Reflect  .   (helmet restricted)
rElec   .          Harm     .   (no cloak)
rCorr   .          Rampage  .   (no gloves)
Will    .....                   (no boots)
Stlth   ++........              c - amulet of magic regeneration
HPRegen 1.02/turn               s - +6 ring of strength
MPRegen 0.55/turn               j - ring of see invisible

@: slowed, very slow
A: horns 2, retaliatory headbutt
a: Renounce Religion, Draw Escape, Draw Destruction, Draw Summoning, Triple
Draw, Deal Four


You were on level 9 of the Dungeon.
You worshipped Nemelex Xobeh.
Nemelex Xobeh was greatly pleased with you.
You visited 2 branches of the dungeon, and saw 10 of its levels.
You also visited: Ossuary.

You collected 388 gold pieces.

Inventory:

Hand Weapons
 a - a +0 hunting sling
 F - a +0 war axe
 I - a +1 dire flail
 J - a +3 mace of freezing (weapon)
 N - a +2 trident of protection
Missiles
 h - 2 poisoned darts
 r - 44 sling bullets
 v - 51 bolts
 K - 4 silver boomerangs (quivered)
 L - a throwing net
Armour
 e - a +0 troll leather armour (worn)
 l - a +0 robe
 P - +0 steam dragon scales
Jewellery
 c - an amulet of magic regeneration (around neck)
 j - a ring of see invisible (right hand)
 k - a ring of fire
 s - a +6 ring of strength (left hand)
 w - a ring of protection from cold
 D - a ring of magical power
Wands
 n - a wand of mindburst (8)
 G - a wand of digging (5)
 H - a wand of charming (8)
Scrolls
 d - 6 scrolls of teleportation {unknown}
 f - a scroll of summoning {unknown}
 g - 2 scrolls of immolation {unknown}
 m - a scroll of acquirement {unknown}
 p - 3 scrolls of vulnerability {unknown}
 q - 9 scrolls of identify {unknown}
 t - 2 scrolls of fog {unknown}
 y - 2 scrolls of enchant weapon {unknown}
 B - a scroll of enchant armour {unknown}
 M - a scroll of brand weapon {unknown}
 Q - a scroll of noise {unknown}
Potions
 b - a potion of ambrosia {unknown}
 i - 2 potions of heal wounds {unknown}
 o - 3 potions of magic {unknown}
 u - 2 potions of degeneration {unknown}
 x - 2 potions of mutation {unknown}
 z - 2 potions of might {unknown}
 A - 4 potions of haste
 C - a potion of brilliance {unknown}
 E - a potion of cancellation {unknown}
 O - a potion of invisibility {unknown}


   Skills:
 - Level 3.6 Fighting
 - Level 14.0 Axes
 - Level 3.2 Dodging
 - Level 1.5 Stealth
 + Level 9.4 Invocations


You had 9 spell levels left.
You didn't know any spells.
Your spell library contained the following spells:

 Spells                   Type           Power      Damage    Failure   Level
 Animate Skeleton         Necr           0%         N/A       47%         1
 Apportation              Tloc           0%         N/A       47%         1
 Summon Small Mammal      Summ           0%         N/A       47%         1
 Scorch                   Fire           0%         2d5       63%         2
 Gell's Gravitas          Tloc           0%         N/A       85%         3
 Ignite Poison            Fire/Tmut/Pois 0%         N/A       85%         3
 Lesser Beckoning         Tloc           0%         N/A       85%         3
 Mephitic Cloud           Conj/Pois/Air  0%         N/A       85%         3
 Teleport Other           Tloc           0%         N/A       85%         3
 Tukima's Dance           Hex            0%         N/A       85%         3
 Flame Wave               Conj/Fire      0%         2d4       99%         4
 Passage of Golubria      Tloc           0%         N/A       99%         4
 Freezing Cloud           Conj/Ice/Air   0%         6-21      100%        5
 Yara's Violent Unravell  Hex/Tmut       0%         3d3       100%        5
 Summon Cactus Giant      Summ           0%         N/A       100%        6


Dungeon Overview and Level Annotations

Branches:
Dungeon (8/15)             Temple (1/1) D:6         Ossuary (visited)
   Lair: D:8-11

Altars:
Ashenzari
Cheibriados
Dithmenos
Elyvilon
Fedhas
Gozag
Hepliaklqana
Kikubaaqudgha
Nemelex Xobeh
Okawaru
Qazlal
Ru
Sif Muna
Trog
Uskayaw
Vehumet
Wu Jian
Xom
Yredelemnul
Zin
The Shining One

Shops:
D:2 [

Annotations:
D:7 2 transporters, mandarbmax's ghost, novice KoEn


Innate Abilities, Weirdness & Mutations

You have a pair of horns on your head.
You reflexively headbutt those who attack you in melee.


Message History

You feel very sick.
You feel very sick.
An acid dragon comes into view.
Found a stone staircase leading up.
You feel sick. The death drake breathes miasma at you.
The foul vapour misses you.
You are engulfed in dark miasma.
You are more poisoned.
You feel yourself slow down.
You feel extremely sick.
Found a cloak.
You feel extremely sick.
You feel very sick. The death drake bites you.
An orc zombie comes into view.
You feel very sick.
The death drake changes into an orb spider!
You feel very sick.
A goblin skeleton comes into view.
A two-headed ogre zombie comes into view.
You feel sick.
You sock the orc zombie!
You destroy the orc zombie!
You feel sick.
The orb spider spins a strand of pure energy.
A goblin zombie comes into view.
You feel sick. The acid dragon bites you! The acid dragon barely misses you.
The acid dragon bites you.
The acid dragon claws you but does no damage.
The orb spider weaves a glowing orb of energy.
An orc zombie comes into view.
An orb of destruction comes into view.
There is a stone staircase leading up, spattered with blood here.
You feel sick.
You are no longer poisoned.
The acid dragon spits acid at you. The splash of acid misses you.
The orb of destruction hits you!!!
Ouch! That really hurt!
You die...
Your body disappears without a glow.

#### ...# #[# ...# #.#
...# #.#
...#########.###
...[..........D
.####...####.##### #
...÷......(.SK.Y@#....
#####........s○○.DZ..Z.Z
####..#####..#.....#
#..°°.# ###..#.#.#
#...#k##○○##.# #
#.....#°k○# .#
#.....K##.# . #...#.#.#
k# #. #...#..#.. ..


You could see an orb spider shaped shifter, a yak, a water moccasin, an acid
dragon (catching breath), a kobold brigand, a goblin zombie, an orc zombie
(wandering) and a two-headed ogre zombie.

Vanquished Creatures
  A troll (D:9)
  A wraith (Ossuary)
  3 steam dragons
  Eustachio (D:6)
  2 water moccasins (D:7)
  7 sky beasts
  2 orc warriors
  2 black bears
  3 centaurs
  An ogre (D:5)
  A kobold brigand (D:7)
  A gnoll sergeant (D:7)
  A wyvern skeleton (D:7)
  A water moccasin zombie (D:5)
  4 killer bees (D:6)
  5 wights (D:6)
  4 howler monkeys
  2 bullfrog zombies
  5 jellies
  An orc priest (D:2)
  A hound (D:5)
  2 centaur zombies
  2 gnoll shamans (D:5)
  3 centaur skeletons
  3 iguanas
  3 orc wizards
  Natasha (thrice) (D:4)
  A killer bee zombie (D:9)
  A hound skeleton (D:4)
  4 mummies
  2 howler monkey zombies (D:6)
  Robin (D:3)
  14 gnolls
  6 adders
  A shadow imp (D:7)
  A white imp (D:7)
  An adder zombie (D:5)
  4 worms
  3 dart slugs
  33 orcs
  9 endoplasms
  2 giant cockroaches
  11 goblins
  14 hobgoblins
  8 jackals
  4 quokkas
  8 ball pythons
  2 bats (D:1)
  A frilled lizard (D:1)
  3 goblin zombies (Ossuary)
  2 hobgoblin zombies (Ossuary)
  8 kobolds
  4 kobold zombies (Ossuary)
  An orc zombie (D:9)
  A rat (D:1)
215 creatures vanquished.

Vanquished Creatures (collateral kills)
  A wight (D:6)
1 creature vanquished.

Vanquished Creatures (others)
  2 killer bees
  A fungus (D:7)
  21 plants
24 creatures vanquished.

Grand Total: 240 creatures vanquished

Notes
Turn   | Place    | Note
-------+----------+-------------------------------------------
     0 | D:1      | fragbeetle the Minotaur Monk began the quest for the Orb.
     0 | D:1      | Reached XP level 1. HP: 19/19 MP: 0/0
   203 | D:1      | Reached skill level 4 in Axes
   442 | D:1      | Reached XP level 2. HP: 26/26 MP: 1/1
   885 | D:1      | Found a faded altar of an unknown god.
  1195 | D:2      | Reached skill level 5 in Axes
  1266 | D:2      | Reached XP level 3. HP: 31/31 MP: 2/2
  1331 | D:2      | Found a shadowy altar of Dithmenos.
  1448 | D:2      | Found Usmebi's Armour Shop.
  1923 | D:2      | Reached skill level 6 in Axes
  1923 | D:2      | Reached XP level 4. HP: 22/39 MP: 3/3
  2349 | D:3      | Noticed Robin
  2849 | D:3      | Killed Robin
  2985 | D:3      | Reached skill level 7 in Axes
  2985 | D:3      | Reached XP level 5. HP: 42/45 MP: 4/4
  3450 | D:3      | Found a sparkling altar of Nemelex Xobeh.
  3521 | D:3      | Became a worshipper of Nemelex Xobeh the Trickster
  3521 | D:3      | Reached * piety under Nemelex Xobeh
  3521 | D:3      | Received a gift from Nemelex Xobeh
  3521 | D:3      | Reached ** piety under Nemelex Xobeh
  3692 | D:3      | Found a hide-covered altar of Uskayaw.
  3692 | D:3      | Received a gift from Nemelex Xobeh
  3893 | D:4      | Noticed Natasha
  3893 | D:4      | Found an ornate altar of the Wu Jian Council.
  3893 | D:4      | Found an ancient bone altar of Kikubaaqudgha.
  4066 | D:4      | Killed Natasha
  4067 | D:4      | Reached skill level 8 in Axes
  4296 | D:4      | Reached XP level 6. HP: 51/51 MP: 5/5
  4345 | D:4      | Received a gift from Nemelex Xobeh
  4394 | D:4      | Noticed Natasha
  4400 | D:4      | Killed Natasha
  4624 | D:4      | Noticed Natasha
  4633 | D:4      | Killed Natasha
  4911 | D:5      | Entered Level 5 of the Dungeon
  5020 | D:5      | Reached skill level 9 in Axes
  5065 | D:5      | Found a sand-covered staircase.
  5116 | Ossuary  | Entered an ossuary
  5116 | Ossuary  | Noticed a wraith
  5116 | Ossuary  | Noticed a wraith
  5116 | Ossuary  | Noticed a wraith
  5183 | Ossuary  | Reached *** piety under Nemelex Xobeh
  5202 | Ossuary  | Noticed a wraith
  5207 | Ossuary  | Killed a wraith
  5208 | Ossuary  | Reached skill level 10 in Axes
  5208 | Ossuary  | Reached XP level 7. HP: 29/57 MP: 6/6
  5359 | Ossuary  | Received a gift from Nemelex Xobeh
  6102 | D:5      | Reached skill level 11 in Axes
  6483 | D:5      | HP: 1/57 [centaur/arrow (10)]
  6505 | D:5      | Reached XP level 8. HP: 29/64 MP: 7/7
  6962 | D:5      | Reached skill level 12 in Axes
  7634 | D:6      | Reached skill level 13 in Axes
  7955 | D:6      | Found a staircase to the Ecumenical Temple.
  8069 | D:6      | Noticed Eustachio
  8075 | D:6      | Killed Eustachio
  8078 | D:6      | Reached skill level 14 in Axes
  8080 | D:6      | Reached skill level 1 in Invocations
  8102 | Temple   | Entered the Ecumenical Temple
  8232 | D:6      | Reached XP level 9. HP: 60/70 MP: 7/9
  8919 | D:6      | Received a gift from Nemelex Xobeh
  9026 | D:6      | Reached skill level 5 in Invocations
  9226 | D:6      | Reached **** piety under Nemelex Xobeh
  9384 | D:6      | Found an opulent altar of Gozag.
  9384 | D:6      | Found a glowing silver altar of Zin.
  9421 | D:7      | Noticed mandarbmax's ghost (novice KoEn)
  9421 | D:7      | Found a transporter.
  9424 | D:7      | Identified the +2 dire flail of Wockuf {flame, Dex+3}
  9886 | D:7      | Found a transporter.
 10730 | D:7      | Found a broken altar of Ashenzari.
 10762 | D:7      | Found a radiant altar of Vehumet.
 11152 | D:8      | Reached XP level 10. HP: 66/77 MP: 15/15
 11349 | D:8      | Received a gift from Nemelex Xobeh
 11380 | D:8      | Noticed a centaur warrior
 11380 | D:8      | You fall into a shaft and drop 1 floor!
 12006 | D:9      | Noticed a death drake
 12017 | D:9      | Noticed an orb spider
 12017 | D:9      | a death drake changed into an orb spider
 12022 | D:9      | Blown up by an orb spider (shapeshifter)

Illustrated notes

Levels and vault maps discovered:
D:1:      dpeg_arrival_refuge, layout_loops_ring, serial_glass, glass_columns_a,
          glass_columns_a, dreamdust_ecumenical_altar_angels_and_demons
D:2:      layout_loops_ring, serial_shops, nicolae_square_shop, basic_altar
D:3:      kennysheep_big_flooded_room, layout_rooms,
          mainiacjoe_overflow_alcove_2, eat_drink_and_be_merry_uskayaw,
          serial_forest, infiniplex_forest_side_room,
          infiniplex_forest_clump_small, infiniplex_forest_clump_curved,
          infiniplex_forest_clump_small, infiniplex_forest_lined_room_2,
          infiniplex_forest_zigzag_2, uniq_robin
D:4:      layout_basic, chequers_temple_overflow_statue_of_worship,
          serial_forest, infiniplex_forest_clump_diagonal,
          infiniplex_forest_corner_1, infiniplex_forest_clump_double,
          infiniplex_forest_diagonal, infiniplex_forest_lined_corner,
          infiniplex_forest_join, infiniplex_forest_zigzag_1,
          infiniplex_forest_clump_tiny, infiniplex_forest_end_2,
          infiniplex_forest_clump_diagonal, minmay_misc_feat_rows, uniq_natasha
D:5:      layout_cave_pods, gup_ossuary_entry_pyramid
D:6:      layout_basic, grunt_temple_overflow_gold_and_silver,
          minmay_temple_entry_glass, uniq_eustachio
D:7:      kennysheep_steamy, layout_cave_pools, mainiacjoe_overflow_two_lobes,
          gammafunk_ghost_smash
D:8:      layout_basic
D:9:      dragon1_lemuel, layout_basic, zombieorc2_lemuel, st_stairs_13,
          minmay_shattered_shrine
Temple:   nicolae_temple_god_jail

Skill      XL: |  1  2  3  4  5  6  7  8  9 10 |
---------------+-------------------------------+-----
Axes           | 4 5 6 7 8 10 11 14 | 14.0
Invocations    | 2 8 9 |  9.4
Fighting       | |  3.6
Dodging        | |  3.2
Stealth        | |  1.5

Action                   |  1- 3 |  4- 6 |  7- 9 | 10-12 || total
-------------------------+-------+-------+-------+-------++-------
Melee: Hand axe          |    89 |   180 |    74 |       ||   343
       Headbutt          |    12 |    32 |    62 |    10 ||   116
       Punch             |     1 |     1 |     4 |     1 ||     7
       Mace              |       |    26 |   157 |    34 ||   217
       War axe           |       |       |    27 |       ||    27
 Fire: Hunting sling     |       |       |    18 |       ||    18
Throw: Dart              |       |       |     3 |       ||     3
Invok: Draw Destruction  |       |     3 |     3 |     1 ||     7
       Draw Escape       |       |       |     3 |       ||     3
       Draw Summoning    |       |       |     1 |       ||     1
Evoke: Wand              |       |       |       |     1 ||     1
  Use: Potion            |       |       |     3 |       ||     3
 Stab: Sleeping          |     5 |       |       |       ||     5
Armor: Robe              |     3 |       |       |       ||     3
       Ring mail         |    21 |    55 |    45 |     6 ||   127
       Troll leather arm |       |       |       |     6 ||     6
       Steam dragon scal |       |       |       |     6 ||     6
Dodge: Dodged            |    49 |   122 |   173 |    31 ||   375
